 Dungeon Crawl Stone Soup version 0.18.1-48-g4cf74bf (webtiles) character file.

151 Heedrag the Conjurer (level 5, 0/28 HPs)
             Began as a Deep Elf Conjurer on Aug 6, 2016.
             Slain by an orc wizard
             ... wielding a +0 dagger
              (1 damage)
             ... on level 4 of the Dungeon.
             The game lasted 00:05:41 (2998 turns).

Heedrag the Conjurer (Deep Elf Conjurer)            Turns: 2998, Time: 00:05:42

Health: 0/28       AC: -1    Str:  6    XL:     5   Next: 11%
Magic:  8/14       EV: 13    Int: 20    God:
Gold:   226        SH:  0    Dex: 15    Spells: 2 memorised, 9 levels left

rFire  . . .     SeeInvis .     h - +4 spear
rCold  . . .     Gourm    .     a - +0 robe
rNeg   . . .     Faith    .     (no shield)
rPois  .         Spirit   .     p - +0 helmet
rElec  .         Dismiss  .     (no cloak)
rCorr  .         Reflect  .     (no gloves)
SustAt +         Harm     .     u - +1 pair of boots
MR     .....                    (no amulet)
Stlth  ++........               t - ring of sustain attributes
                                j - -6 ring of protection (curse)

@: not resistant to hostile enchantments, unstealthy
A: no striking features
a: no special abilities


You were on level 4 of the Dungeon.
You were not hungry.

You visited 1 branch of the dungeon, and saw 4 of its levels.

You collected 226 gold pieces.

Inventory:

Hand Weapons
 h - a +4 spear (weapon)
Armour
 a - a +0 robe (worn)
 p - a +0 helmet (worn)
 u - a +1 pair of boots (worn)
Jewellery
 j - a cursed -6 ring of protection (left hand)
 t - a ring of sustain attributes (right hand)
Wands
 z - a wand of polymorph (6/24)
Scrolls
 d - 4 scrolls of identify {unknown}
 e - 2 scrolls of recharging {unknown}
 g - 3 scrolls of teleportation {unknown}
 k - a scroll of random uselessness {unknown}
 o - a scroll of magic mapping {unknown}
 v - a scroll of amnesia {unknown}
 y - a scroll of remove curse {unknown}
Potions
 f - a potion of brilliance {unknown}
 i - a potion of mutation {unknown}
 l - 3 potions of lignification {unknown}
 m - a potion of invisibility {unknown}
 q - a potion of degeneration {unknown}
 r - 2 potions of cancellation {unknown}
 s - 3 potions of might {unknown}
 w - a potion of haste {unknown}
 x - a potion of ambrosia {unknown}
 C - a potion of curing {unknown}
Books
 b - a book of Conjurations

   Spells                             Type                      Level
   a - Magic Dart                     Conjuration                  1
   b - Searing Ray                    Conjuration                  2
   c - Dazzling Spray                 Conjuration/Hexes            3
   d - Fulminant Prism                Conjuration/Hexes            4
   e - Iskenderun's Mystic Blast      Conjuration                  4
   f - Iskenderun's Battlesphere      Conjuration/Charms           5
Comestibles
 c - 3 bread rations
 n - 2 slices of pizza
 A - a meat ration
 B - 2 chunks of flesh


   Skills:
 - Level 2.4 Dodging
 - Level 2.4 Stealth
 + Level 4.7 Spellcasting
 * Level 6.3 Conjurations


You had 9 spell levels left.
You knew the following spells:

 Your Spells              Type           Power        Failure   Level  Hunger
a - Magic Dart            Conj           ####         1%          1    None
b - Dazzling Spray        Conj/Hex       ###...       12%         3    ##.....


Dungeon Overview and Level Annotations

Branches:
Dungeon (4/15)
 Temple: D:4-7

Altars:
Ashenzari
Okawaru

Shops:
D:4 }

Annotations:
D:3 Grinder
D:4 Natasha


Message History

Natasha, Servant o' Life an' Death comes inta view.
Castin': Magic Dart Confirm wit' . or Enter, or press ? or * ta list all spells.
Aimin': Magic Dart
Press: ? - help, Shift-Dir - straight line, f/p - orc wizard
Aim: an orc wizard, wieldin' a dagger an' wearin' a robe (moderately wounded) Tha magic dart hits tha orc wizard.
Tha orc wizard be heavily wounded.
Tha orc wizard hits ye wit' a dagger.
* * * LOW HITPOINT WARNIN'
* * * Castin': Magic Dart Confirm wit' . or Enter, or press ? or * ta list all spells.
Aimin': Dazzlin' Spray
Press: ? - help, Shift-Dir - straight line, f/p - orc wizard
Aim: an orc wizard, wieldin' a dagger an' wearin' a robe (heavily wounded) Tha spray o' energy hits tha orc wizard.
Tha orc wizard be almost dead.
Natasha mumbles some strange words.
Tha orc wizard hits ye wit' a dagger.
Ye die...

##.# ###..∩##. ..
....... .# #....# ###.#
#...##.<#oh #...#...#.#
+#...#..# o# #
#####.....####o#.###
..#............@..$..#
..........♣.........#.#
##.#.............####
#####.....#####
+#...#'.## #...#...#
##...##.<# #....#####
###.##


You could see an orc priest, an orc wizard, Natasha and an orc.

Vanquished Creatures
  Jessica (D:2)
  Ijyb (D:3)
  3 adders (D:2)
  3 dart slugs
  2 giant geckos (D:1)
  2 orcs (D:3)
  3 giant cockroaches
  4 goblins
  2 hobgoblins (D:1)
  18 jackals
  2 quokkas
  3 ball pythons (D:2)
  3 bats
  2 giant newts
  7 kobolds
  2 rats
58 creatures vanquished.

Notes
Turn   | Place    | Note
--------------------------------------------------------------
     0 | D:1      | Heedrag the Deep Elf Conjurer began the quest for the Orb.
     0 | D:1      | Reached XP level 1. HP: 10/10 MP: 6/6
   429 | D:1      | Reached XP level 2. HP: 14/15 MP: 4/8
   499 | D:1      | Reached skill level 5 in Conjurations
   907 | D:1      | Reached XP level 3. HP: 9/19 MP: 7/10
   919 | D:1      | Learned a level 3 spell: Dazzling Spray
  1369 | D:2      | Found a shattered altar of Ashenzari.
  1709 | D:2      | Reached XP level 4. HP: 23/24 MP: 4/12
  1769 | D:2      | Noticed Jessica
  1773 | D:2      | Killed Jessica
  2127 | D:3      | Found an iron altar of Okawaru.
  2139 | D:3      | Reached skill level 6 in Conjurations
  2144 | D:3      | Found a faded altar to an unknown god.
  2216 | D:3      | Noticed Grinder
  2457 | D:3      | Noticed Ijyb
  2467 | D:3      | Killed Ijyb
  2467 | D:3      | Reached XP level 5. HP: 27/28 MP: 14/14
  2968 | D:4      | Found Goanaor's Gadget Boutique.
  2997 | D:4      | Noticed Natasha
  2997 | D:4      | HP: 1/28 [orc wizard/dagger (6)]
  2998 | D:4      | Slain by an orc wizard

Skill      XL: |  1  2  3  4 |
---------------+-------------+-----
Conjurations   | 5 6 |  6.3
Spellcasting   | 4 |  4.7
Dodging        | |  2.4
Stealth        | |  2.4

Action                   |  1- 3 |  4- 6 || total
-------------------------+-------+-------++-------
Melee: Dagger            |    24 |       ||    24
       Unarmed           |       |     8 ||     8
       Spear             |       |     7 ||     7
 Cast: Magic Dart        |    82 |    42 ||   124
       Dazzling Spray    |       |     1 ||     1
  Eat: Chunk             |     2 |     4 ||     6
Armor: Robe              |    21 |       ||    21
Dodge: Dodged            |    75 |    10 ||    85
